Map: Avalon Labs

Players

Loken - Winner!

  • Race: Zerg Zerg
  • League: Platinum
  • Spawn Location: 11:00

dallaskuken - Winner!

  • Race: Protoss Protoss
  • League: Platinum
  • Spawn Location: 12:00

TimeTwist - Winner!

  • Race: Zerg Zerg
  • Spawn Location: 12:00

devogaan

  • Race: Zerg Zerg
  • Spawn Location: 6:00

ТЁПЛЫЙ

  • Race: Terran Terran
  • Spawn Location: 5:00

КрэйзиЩук

  • Race: Zerg Zerg
  • Spawn Location: 6:00

VOD

Have the link to the VOD?

Description

Time

  • Played on: March 22, 2017, 5:06 a.m.
  • Length: 20:32
Show
View Real Time Build Order
Export as new Build Order

Loken Zerg - Winner!

Build Orders: Hatch First 

Get SALT Encoding   

  12  0:01  Drone  
  13  0:13  Overlord  
  13  0:17  Drone  
  14  0:32  Drone x2  
  17  0:35  Drone  
  17  1:00  Hatchery  
  17  1:02  Drone  
  17  1:03  Drone  
  18  1:18  Spawning Pool  
  17  1:19  Drone  
  17  1:22  Extractor  
  17  1:25  Drone  
  18  1:28  Extractor  
  18  1:31  Drone  
  18  1:39  Drone  
  19  1:44  Evolution Chamber  
  18  1:51  Drone  
  19  1:57  Evolution Chamber  
  18  2:02  Drone  
  18  2:05  Queen  
  21  2:12  Drone  
  22  2:15  Queen  
  24  2:24  Drone  
  24  2:29  Metabolic Boost  
  25  2:33  Drone  
  26  2:38  Overlord  
  26  2:47  Overlord  
  26  2:51  Drone  
  26  2:52  Drone  
  26  2:57  Drone x2  
  30  3:03  Zerg Melee Weapons Level 1  
  30  3:07  Drone  
  30  3:08  Drone  
  32  3:16  Drone x3  
  35  3:22  Overlord  
  35  3:32  Zerg Ground Armor Level 1  
  35  3:36  Drone  
  35  3:37  Drone  
  35  3:38  Drone  
  35  3:40  Drone  
  39  3:42  Drone  
  39  3:44  Drone  
  41  4:03  Lair  
  41  4:06  Drone x4  
  41  4:07  Drone x4  
  49  4:12  Extractor  
  49  4:14  Extractor  
  47  4:33  Overlord x4  
  47  4:34  Overlord  
  46  4:52  Pneumatized Carapace  
  46  5:04  Zerg Melee Weapons Level 2  
  46  5:12  Nydus Network  
  45  5:18  Infestation Pit  
  45  5:20  Drone x2  
  45  5:21  Drone  
  47  5:24  Zergling x2  
  47  5:25  Zergling x16  
  56  5:29  Zerg Ground Armor Level 2  
  56  5:45  Zergling x2  
  56  5:46  Zergling x12  
  63  5:56  Hive  
  63  6:05  Zergling x2  
  63  6:06  Zergling x8  
  68  6:26  Drone x2  
  68  6:28  Hatchery  
  69  6:48  Nydus Canal  
  69  6:57  Zergling x16  
  69  6:58  Zergling x12  
  81  7:26  Nydus Canal  
  81  7:38  Zergling x10  
  81  7:39  Zergling x6  
  81  7:41  Queen  
  81  7:42  Spire  
  89  7:57  Hatchery  
  88  7:59  Zergling x2  
  88  8:00  Zergling x2  
  88  8:04  Adrenal Glands  
  90  8:06  Zerg Melee Weapons Level 3  
  90  8:07  Zerg Ground Armor Level 3  
  90  8:10  Overlord x4  
  81  8:38  Zergling x2  
  81  8:39  Zergling x16  
  81  8:40  Zergling x10  
  87  9:04  Zergling x2  
  87  9:05  Zergling x20  
  71  9:23  Zergling x10  
  64  9:37  Zergling x2  
  64  9:38  Zergling x4  
  67  9:39  Zergling x10  
  67  9:41  Queen  
  67  9:44  Drone x3  
  77  9:56  Drone x8  
  85  10:07  Nydus Canal  
  85  10:11  Zergling x8  
  85  10:12  Zergling x20  
  77  10:50  Mutalisk  
  77  10:51  Mutalisk x12  
  89  11:06  Mutalisk  
  89  11:07  Mutalisk x4  
  98  11:28  Zerg Missile Weapons Level 1  
  98  11:45  Extractor  
  97  11:47  Extractor  
  97  11:52  Mutalisk x8  
  97  11:53  Mutalisk  
  114  11:55  Zergling x2  
  114  11:56  Zergling x22  
  53  13:09  Zergling x2  
  53  13:10  Zergling x36  
  53  13:11  Zergling x8  
  70  13:29  Hatchery  
  69  13:41  Hatchery  
  45  14:20  Zergling x10  
  45  14:21  Zergling x32  
  66  14:56  Drone x7  
  48  15:58  Hatchery  
  48  16:02  Extractor  
  46  16:05  Extractor  
  46  16:09  Spore Crawler  
  44  16:11  Spore Crawler x2  
  44  16:14  Spore Crawler  
  41  16:43  Ultralisk Cavern  
  40  17:01  Spine Crawler x2  
  39  17:02  Spine Crawler  
  39  17:03  Spine Crawler  
  39  17:05  Spine Crawler  
  35  17:13  Hatchery  
  34  17:24  Drone x11  
  34  17:25  Drone x3  
  48  17:57  Zergling x14  
  48  17:58  Zergling x4  
  57  18:15  Greater Spire  
  57  18:26  Drone x5  
  57  18:27  Drone x5  
  67  18:32  Drone  
  67  18:33  Drone x3  
  71  18:35  Drone  
  63  19:27  Ultralisk  
  63  19:28  Ultralisk x5  
  99  19:35  Ultralisk  
  105  20:04  Overlord x2  
  105  20:07  Overlord  
Show
View Real Time Build Order
Export as new Build Order

dallaskuken Protoss - Winner!

Build Orders:  

Get SALT Encoding   

  12  0:01  Probe (Chrono Boost)  
  13  0:15  Probe (Chrono Boost)  
  14  0:22  Pylon  
  14  0:30  Probe (Chrono Boost)  
  15  0:41  Forge  
  15  0:45  Probe (Chrono Boost)  
  16  0:55  Probe (Chrono Boost)  
  17  1:01  Gateway  
  17  1:04  Pylon  
  17  1:06  Probe (Chrono Boost)  
  18  1:20  Photon Cannon  
  18  1:22  Probe (Chrono Boost)  
  19  1:29  Assimilator  
  19  1:32  Probe (Chrono Boost)  
  20  1:44  Pylon  
  20  1:47  Photon Cannon  
  20  1:52  Zealot  
  22  1:58  Probe (Chrono Boost)  
  23  2:09  Probe (Chrono Boost)  
  24  2:17  Photon Cannon  
  24  2:37  Nexus  
  24  2:43  Cybernetics Core  
  24  2:48  Pylon  
  24  2:54  Zealot  
  26  3:02  Photon Cannon  
  26  3:09  Assimilator  
  26  3:16  Pylon  
  26  3:37  Mothership Core (Chrono Boost)  
  28  3:43  Stargate  
  27  4:23  Probe (Chrono Boost)  
  28  4:28  Probe (Chrono Boost)  
  29  4:33  Oracle  
  29  4:34  Probe (Chrono Boost)  
  33  4:39  Probe (Chrono Boost)  
  33  4:45  Probe (Chrono Boost)  
  35  4:49  Probe (Chrono Boost)  
  36  4:55  Probe (Chrono Boost)  
  37  5:00  Pylon, Probe (Chrono Boost)  
  37  5:02  Pylon  
  37  5:05  Photon Cannon  
  37  5:06  Probe (Chrono Boost)  
  39  5:07  Photon Cannon  
  39  5:10  Probe (Chrono Boost)  
  40  5:16  Probe (Chrono Boost)  
  40  5:20  Fleet Beacon  
  42  5:21  Probe (Chrono Boost)  
  42  5:27  Probe (Chrono Boost)  
  43  5:31  Probe (Chrono Boost)  
  44  6:03  Carrier  
  50  6:36  Pylon  
  50  6:38  Pylon  
  51  6:40  Probe (Chrono Boost)  
  51  6:42  Assimilator  
  51  6:46  Assimilator  
  51  6:50  Probe (Chrono Boost)  
  52  7:01  Probe (Chrono Boost)  
  53  7:23  Probe (Chrono Boost)  
  53  7:28  Carrier  
  53  7:29  Pylon  
  60  7:31  Pylon  
  60  7:33  Pylon  
  60  7:34  Probe (Chrono Boost)  
  61  7:37  Stargate  
  61  7:39  Stargate  
  61  7:45  Probe (Chrono Boost)  
  61  7:46  Stargate  
  62  7:55  Probe (Chrono Boost)  
  63  8:06  Probe (Chrono Boost)  
  67  8:22  Carrier  
  73  8:58  Carrier  
  79  9:07  Carrier  
  85  9:36  Carrier  
  91  10:03  Carrier  
  97  10:23  Carrier  
  97  10:27  Pylon  
  103  10:29  Pylon  
  103  10:31  Pylon  
  103  10:36  Carrier  
  109  10:45  Protoss Air Weapons Level 1  
  109  11:12  Carrier  
  115  11:22  Protoss Shields Level 1  
  115  12:21  Carrier x2  
  127  12:29  Protoss Air Weapons Level 2  
  127  14:18  Carrier  
  127  14:19  Carrier  
  127  14:21  Carrier  
  145  14:29  Pylon  
  145  14:31  Pylon  
  145  14:32  Pylon  
  145  14:34  Pylon  
  145  14:36  Nexus  
  145  14:46  Assimilator  
  145  14:47  Carrier  
  145  14:50  Assimilator  
  145  14:51  Nexus  
  151  15:28  Protoss Air Weapons Level 3  
  143  15:40  Mothership Core (Chrono Boost)  
  145  15:43  Pylon x2  
  145  15:44  Carrier  
  151  16:02  Probe (Chrono Boost)  
  152  16:12  Probe (Chrono Boost)  
  152  16:13  Pylon, Probe (Chrono Boost)  
  152  16:15  Pylon  
  152  16:18  Pylon  
  154  16:21  Pylon  
  154  16:23  Pylon, Probe (Chrono Boost)  
  143  16:34  Probe (Chrono Boost)  
  120  16:44  Probe (Chrono Boost)  
  103  16:53  Carrier x2  
  103  16:54  Carrier  
  109  16:55  Probe (Chrono Boost)  
  116  17:06  Probe (Chrono Boost)  
  117  17:10  Assimilator  
  117  17:13  Assimilator  
  123  17:16  Probe (Chrono Boost)  
  124  17:23  Probe (Chrono Boost)  
  124  17:27  Probe (Chrono Boost)  
  126  17:33  Probe (Chrono Boost)  
  127  17:38  Probe (Chrono Boost)  
  127  17:39  Carrier  
  135  17:44  Probe (Chrono Boost)  
  135  17:50  Protoss Air Armor Level 1  
  135  17:55  Probe (Chrono Boost)  
  136  18:05  Probe (Chrono Boost)  
  137  18:54  Carrier  
  137  18:55  Carrier x2  
  155  19:05  Carrier  
Show
View Real Time Build Order
Export as new Build Order

TimeTwist Zerg - Winner!

Build Orders: 3 Hatch before Pool 

Get SALT Encoding   

  12  0:01  Drone  
  13  0:15  Overlord  
  13  0:24  Drone  
  14  0:33  Drone x2  
  16  0:38  Drone  
  17  0:48  Drone  
  18  0:59  Hatchery  
  18  1:05  Hatchery  
  18  1:06  Drone  
  18  1:10  Drone  
  19  1:22  Spawning Pool  
  18  1:28  Extractor  
  18  1:30  Overlord  
  17  1:38  Drone  
  18  1:42  Drone  
  19  1:52  Drone  
  20  2:06  Drone  
  21  2:15  Queen  
  21  2:17  Queen  
  21  2:20  Drone  
  21  2:21  Drone  
  27  2:31  Drone x2  
  29  2:43  Drone  
  30  2:49  Drone x2  
  32  2:52  Drone  
  32  2:54  Lair  
  32  2:56  Queen  
  35  3:01  Drone  
  35  3:02  Overlord  
  36  3:19  Overlord  
  36  3:21  Drone x2  
  36  3:22  Drone  
  36  3:25  Drone x3  
  42  3:29  Extractor  
  42  3:32  Extractor  
  42  3:33  Drone x4  
  44  3:34  Extractor  
  43  3:44  Drone  
  43  3:45  Drone  
  45  3:59  Drone x5  
  50  4:12  Drone  
  50  4:13  Drone  
  52  4:17  Overlord  
  52  4:18  Overlord  
  52  4:21  Spire  
  52  4:23  Spore Crawler  
  50  4:25  Spore Crawler  
  50  4:28  Overlord x2  
  49  4:52  Metabolic Boost  
  49  5:00  Hatchery  
  49  5:03  Hatchery  
  47  5:19  Drone x4  
  47  5:20  Drone  
  53  5:32  Mutalisk x4  
  53  5:33  Mutalisk x4  
  69  5:37  Mutalisk  
  71  5:47  Hatchery  
  70  5:54  Zerg Flyer Weapons Level 1  
  70  6:12  Zergling x4  
  70  6:13  Zergling x14  
  70  6:14  Zergling x2  
  80  6:24  Drone x6, Overlord  
  86  6:33  Overlord x2  
  86  7:02  Mutalisk  
  86  7:03  Mutalisk x2  
  92  7:15  Mutalisk x5  
  94  7:21  Queen  
  105  7:22  Drone  
  105  7:34  Mutalisk x2  
  107  7:43  Mutalisk  
  101  7:45  Drone x4  
  101  7:46  Drone x2, Overlord x2  
  101  7:57  Spore Crawler  
  101  7:58  Drone  
  91  8:08  Extractor  
  91  8:10  Extractor  
  72  8:28  Zergling x10  
  77  8:40  Spine Crawler  
  77  8:41  Spine Crawler  
  75  8:48  Burrow  
  69  8:54  Baneling Nest  
  59  8:56  Drone x5  
  59  8:57  Drone x6  
  67  9:10  Hatchery  
  66  9:23  Zergling x2  
  66  9:24  Zergling x6  
  70  9:28  Spine Crawler  
  69  9:34  Mutalisk x4  
  69  9:35  Mutalisk x3  
  75  9:47  Zergling x2  
  75  9:48  Zergling x10  
  77  9:55  Mutalisk x2  
  61  10:11  Drone x2  
  63  10:23  Hatchery  
  62  10:30  Baneling x5  
  62  10:31  Baneling x7  
  62  10:32  Baneling  
  62  10:51  Drone  
  62  10:52  Drone x7  
  62  10:53  Drone x4  
  74  11:11  Spore Crawler  
  74  11:16  Queen  
  63  11:31  Extractor  
  62  11:33  Spine Crawler  
  62  11:36  Drone x7  
  62  11:37  Spine Crawler, Drone x6  
  62  11:38  Drone x2  
  75  11:41  Spine Crawler  
  75  11:42  Spine Crawler  
  75  11:45  Spine Crawler  
  75  11:46  Drone x2  
  75  11:47  Spine Crawler  
  73  12:08  Mutalisk  
  73  12:09  Mutalisk x2  
  73  12:13  Hatchery  
  78  12:21  Centrifical Hooks  
  78  12:35  Mutalisk  
  78  12:36  Overlord  
  78  12:37  Overlord x2  
  80  12:54  Queen, Overlord x3  
  80  12:55  Overlord  
  80  12:57  Infestation Pit  
  80  12:58  Mutalisk x4, Zergling x10  
  84  12:59  Mutalisk x2  
  98  13:10  Queen  
  100  13:44  Drone x2  
  100  13:46  Spore Crawler  
  101  13:48  Extractor  
  101  13:49  Extractor  
  91  14:15  Pathogen Glands  
  90  14:33  Drone x6  
  90  14:36  Evolution Chamber  
  90  14:37  Hive  
  90  14:38  Evolution Chamber  
  94  14:40  Drone x5  
  94  14:41  Drone  
  100  14:55  Overlord  
  100  14:56  Overlord x2  
  100  14:59  Hatchery  
  99  15:01  Corruptor  
  99  15:02  Corruptor x2  
  99  15:03  Infestor x2  
  99  15:05  Infestor  
  111  15:22  Drone x3  
  114  15:38  Infestor x2  
  118  15:50  Hydralisk Den  
  117  15:59  Zerg Ground Armor Level 1  
  117  16:00  Zerg Melee Weapons Level 1  
  117  16:02  Adrenal Glands  
  117  16:06  Ultralisk Cavern  
  116  16:13  Drone x7  
  116  16:14  Drone x4  
  116  16:15  Drone  
  87  16:36  Mutalisk x2  
  87  16:37  Mutalisk x7  
  87  16:38  Mutalisk x7  
  87  16:39  Mutalisk x3  
  123  16:40  Mutalisk  
  125  16:52  Drone x3  
  125  16:54  Extractor, Spore Crawler  
  127  16:56  Extractor  
  125  17:04  Zerg Flyer Weapons Level 2  
  125  17:23  Drone x2  
  125  17:24  Queen  
  125  17:25  Infestor x3  
  135  17:32  Queen  
  135  17:34  Drone  
  135  17:35  Drone x5  
  143  17:45  Hatchery  
  126  18:26  Ultralisk x4  
  126  18:27  Ultralisk x3  
  160  18:29  Zergling x10  
  171  18:34  Zergling x2  
  171  18:36  Overlord x2  
  171  18:37  Overlord x2  
  160  19:36  Queen, Drone x3  
  165  19:56  Zergling x4  
  165  19:57  Zergling x12  
  165  19:58  Zergling x14  
  165  19:59  Zergling x2  
  181  20:01  Zergling x12, Extractor  
  181  20:02  Zergling x8  
  189  20:07  Extractor  
  189  20:08  Spore Crawler  
Show
View Real Time Build Order
Export as new Build Order

devogaan Zerg 

Build Orders: Hatch First 

Get SALT Encoding   

  12  0:01  Drone  
  13  0:08  Drone  
  14  0:16  Overlord  
  14  0:35  Drone x3  
  17  0:54  Drone  
  18  1:05  Hatchery  
  18  1:09  Spawning Pool  
  16  1:11  Drone  
  16  1:15  Drone  
  16  1:18  Drone  
  19  1:25  Extractor  
  18  1:28  Drone, Extractor  
  18  1:39  Drone  
  19  1:54  Drone  
  19  1:55  Queen  
  22  2:03  Overlord  
  22  2:10  Metabolic Boost  
  22  2:12  Overlord  
  22  2:17  Queen  
  24  2:23  Zergling x2  
  25  2:30  Zergling x4  
  27  2:37  Drone  
  27  2:39  Drone  
  29  2:50  Evolution Chamber  
  28  2:54  Roach Warren  
  27  3:04  Lair  
  27  3:08  Drone  
  28  3:22  Zergling x6  
  28  3:23  Zergling x2  
  32  3:35  Zerg Melee Weapons Level 1  
  32  3:39  Drone x2  
  34  3:56  Drone x5  
  39  4:07  Evolution Chamber  
  38  4:10  Roach x2  
  38  4:15  Glial Reconstitution  
  42  4:20  Overlord  
  42  4:26  Drone  
  42  4:40  Drone  
  42  4:41  Drone x5  
  48  4:48  Drone x2  
  48  4:49  Drone  
  51  5:00  Zerg Ground Armor Level 1  
  51  5:07  Extractor  
  51  5:08  Extractor  
  49  5:24  Drone x2  
  51  6:01  Zerg Missile Weapons Level 1  
  51  6:06  Hydralisk Den  
  51  6:09  Hatchery  
  49  6:12  Infestation Pit  
  49  6:13  Drone x3  
  45  6:27  Drone x6  
  45  6:32  Spore Crawler  
  50  6:36  Spore Crawler  
  49  6:48  Hydralisk  
  51  6:57  Spore Crawler  
  51  7:00  Overlord x4  
  50  7:04  Spore Crawler  
  49  7:22  Muscular Augments  
  49  7:23  Zerg Ground Armor Level 2  
  49  7:25  Hydralisk x4  
  49  7:26  Hydralisk x5  
  49  7:27  Hydralisk  
  68  8:00  Hydralisk x2  
  68  8:01  Roach x5  
  68  8:02  Hydralisk  
  83  8:06  Zerg Missile Weapons Level 2  
  83  8:11  Overlord  
  83  8:38  Roach x3, Hydralisk  
  91  8:42  Hatchery  
  90  8:52  Overlord x2  
  90  8:53  Overlord  
  90  8:56  Drone  
  90  9:13  Hydralisk x2  
  90  9:14  Hydralisk  
  84  9:17  Roach  
  81  9:25  Roach x2  
  83  9:43  Hydralisk x2  
  83  9:44  Hydralisk x2  
  91  9:49  Drone x3  
  88  10:05  Hydralisk x3  
  94  10:18  Spire  
  94  10:28  Drone x3  
  94  10:29  Drone x3  
  94  10:30  Drone  
  85  10:47  Hydralisk x3  
  85  10:48  Hydralisk  
  90  11:11  Drone x4  
  93  11:16  Hatchery  
  93  11:19  Hydralisk  
  93  11:23  Drone x2  
  97  11:35  Zerg Flyer Armor Level 1  
  97  11:37  Corruptor  
  99  11:44  Zerg Melee Weapons Level 2  
  99  11:46  Corruptor  
  99  11:49  Drone  
  102  12:01  Mutalisk x3  
  108  12:12  Corruptor  
  108  12:14  Hydralisk  
  112  12:24  Drone x4  
  112  12:26  Overlord  
  116  12:30  Queen  
  112  12:54  Hydralisk x6  
  104  13:15  Drone x3  
  104  13:16  Drone x3  
  104  13:17  Drone  
  111  13:24  Queen  
  111  13:27  Drone x4  
  114  13:28  Drone  
  118  13:35  Corruptor  
  120  13:54  Queen  
  88  14:17  Hydralisk x3  
  88  14:18  Hydralisk x4  
  88  14:21  Drone  
  101  14:37  Drone x2  
  101  14:38  Drone x5  
  107  14:44  Zergling x2  
  109  14:55  Hydralisk x2  
  109  14:56  Hydralisk x2  
  117  15:08  Hydralisk x3  
  114  15:21  Hydralisk x3  
  104  15:34  Hydralisk x2  
  104  15:35  Hydralisk  
  99  15:41  Zergling x2  
  99  15:42  Zergling x4  
  90  15:48  Drone x2  
  86  15:53  Zergling x2  
  87  16:00  Queen  
  89  16:12  Corruptor  
  85  16:30  Hydralisk x3  
  55  16:43  Zergling x6  
  48  17:00  Zergling x6  
  51  17:27  Drone x2  
  51  17:28  Drone x2  
Show
View Real Time Build Order
Export as new Build Order

ТЁПЛЫЙ Terran 

Build Orders:  

Get SALT Encoding   

  12  0:01  SCV  
  13  0:13  SCV  
  14  0:24  Supply Depot  
  14  0:31  SCV  
  15  0:36  Supply Depot  
  15  0:48  Barracks  
  15  0:49  SCV  
  16  1:03  Barracks  
  16  1:05  SCV  
  17  1:11  Refinery  
  17  1:17  SCV  
  18  1:30  SCV  
  19  1:34  Marine  
  20  1:42  SCV  
  21  1:51  Marine  
  21  1:52  Marine  
  21  1:53  Engineering Bay  
  21  1:54  SCV  
  24  2:06  SCV  
  25  2:09  Refinery  
  25  2:10  Marine  
  25  2:11  Marine  
  27  2:18  SCV  
  28  2:25  Missile Turret  
  28  2:33  Factory  
  28  2:35  Marine x2  
  30  2:45  Supply Depot  
  30  2:48  SCV  
  31  2:54  Barracks Reactor  
  31  2:55  Barracks Reactor  
  31  3:03  Orbital Command  
  31  3:18  Barracks  
  31  3:20  Factory Reactor  
  31  3:31  Marine x2  
  31  3:32  Marine x2  
  35  3:36  Terran Infantry Weapons Level 1  
  35  3:45  Armory  
  35  3:51  Marine x2  
  35  3:52  Marine  
  38  3:59  Marine  
  39  4:12  Barracks Tech Lab  
  39  4:23  Command Center  
  39  4:43  Starport  
  39  4:49  Starport  
  39  4:58  Hellbat x2  
  43  5:00  Missile Turret  
  43  5:04  Marine x2  
  45  5:11  Marine x2  
  47  5:21  Stimpack  
  47  5:34  Medivac  
  47  5:35  Supply Depot  
  49  5:43  Medivac  
  49  5:48  SCV  
  52  6:04  SCV, Medivac  
  53  6:08  SCV  
  56  6:13  Medivac  
  56  6:14  Supply Depot  
  58  6:28  Marine x2  
  58  6:29  Marine  
  58  6:30  Marine  
  62  6:34  Medivac  
  64  6:45  SCV  
  65  6:48  Refinery  
  65  6:56  Marauder, Marine x2  
  65  6:57  SCV  
  70  7:03  Missile Turret  
  63  7:19  SCV  
  64  7:31  SCV  
  65  7:40  Viking  
  65  7:41  Viking  
  69  7:54  Marine x4  
  73  7:59  SCV  
  73  8:01  SCV  
  75  8:10  Viking  
  75  8:11  SCV  
  53  8:52  Starport Reactor  
  53  8:53  Starport Reactor  
  53  8:54  Marine  
  53  8:55  Marine x4  
  51  8:57  Barracks  
  52  9:03  SCV  
  52  9:07  Refinery  
  53  9:11  SCV  
  53  9:12  Marine x2  
  53  9:13  Marine  
  53  9:15  SCV  
  58  9:22  Marine  
  58  9:24  SCV  
  60  9:27  SCV  
  60  9:30  Viking x2, Marine x3  
  68  9:32  Medivac  
  70  9:40  Marine  
  71  9:45  Barracks  
  71  9:48  Marine x3  
  66  9:53  SCV  
  66  9:58  Marine  
  68  10:05  SCV  
  69  10:10  Viking  
  69  10:11  Viking  
  73  10:19  SCV  
  74  10:25  Supply Depot  
  74  10:34  Viking  
  76  10:36  Barracks, Marine  
  76  10:38  SCV  
  76  10:41  SCV  
  79  11:05  Viking x2  
  79  11:07  Viking  
  79  11:09  SCV  
  71  11:30  Viking  
  73  11:33  SCV  
  73  11:35  Viking  
  73  11:37  SCV  
  77  11:45  SCV  
  78  11:57  SCV  
  79  12:01  Viking x2  
  76  12:34  Viking x2  
  76  12:35  Viking x2  
  67  13:05  Viking x2  
  71  13:10  Supply Depot  
  71  13:27  Viking  
  71  13:28  Viking  
  75  13:54  Viking x2  
  79  13:57  Viking  
  79  13:58  Viking  
  77  14:20  Command Center  
  77  14:37  Viking  
  77  14:38  Viking  
  81  14:44  Terran Ship Weapons Level 1  
  81  14:56  Armory  
  81  15:16  Orbital Command  
  81  15:23  Viking  
  81  15:24  Viking  
  84  15:39  Viking x2  
  88  15:43  Terran Vehicle And Ship Armor Level 1  
  88  15:46  Supply Depot  
  88  16:05  Viking x2  
  53  16:52  Viking  
  53  16:53  Viking x2  
  53  16:54  Viking  
  48  17:18  Starport  
  48  17:22  Viking  
  48  17:23  Viking x3  
  48  17:24  Barracks Reactor  
  56  17:38  Terran Vehicle And Ship Armor Level 2  
  54  17:47  Starport, SCV  
  55  17:52  Viking  
  55  17:53  Viking x3  
  63  18:00  SCV  
  60  18:19  Starport Reactor  
  60  18:22  Viking  
  60  18:23  Viking x3  
  66  18:38  SCV  
  42  18:50  SCV  
  42  18:52  Viking x2  
  42  18:53  Viking x2  
  42  18:55  Viking  
  41  19:05  Viking  
  43  19:16  SCV  
  44  19:22  Viking x2  
  48  19:27  Viking  
  48  19:28  SCV  
  51  19:32  Starport Reactor  
Show
View Real Time Build Order
Export as new Build Order

КрэйзиЩук Zerg 

Build Orders: Hatch First 

Get SALT Encoding   

  12  0:02  Drone  
  13  0:08  Drone  
  14  0:36  Hatchery  
  14  0:38  Drone  
  14  0:56  Spawning Pool  
  13  0:58  Drone  
  14  1:14  Overlord  
  14  1:15  Overlord  
  14  1:24  Extractor  
  13  1:28  Extractor  
  13  1:29  Drone x2  
  14  1:44  Queen  
  16  1:54  Spore Crawler  
  16  1:55  Spore Crawler  
  16  1:56  Drone  
  15  2:07  Drone x2  
  17  2:11  Drone  
  18  2:26  Spore Crawler  
  18  2:27  Drone  
  18  2:28  Drone  
  19  2:55  Drone x3  
  22  2:59  Drone x2  
  22  3:00  Drone  
  25  3:11  Lair  
  25  3:18  Drone  
  26  3:20  Drone  
  26  3:25  Metabolic Boost  
  27  3:32  Drone x2  
  29  3:45  Overlord  
  29  3:48  Zergling x2  
  29  3:49  Zergling x6  
  33  3:59  Drone x2  
  35  4:03  Overlord  
  35  4:04  Overlord  
  35  4:12  Zergling x6  
  38  4:30  Zergling x8  
  42  4:34  Zergling x6  
  45  4:54  Spire  
  45  4:56  Queen  
  45  4:57  Drone, Extractor  
  45  4:58  Drone  
  47  5:01  Extractor  
  46  5:26  Overlord x2  
  46  5:30  Drone x3  
  49  6:03  Pneumatized Carapace  
  49  6:05  Overseer  
  49  6:08  Mutalisk x5  
  49  6:09  Mutalisk x2  
  63  6:31  Spore Crawler  
  63  6:32  Mutalisk x4  
  55  7:47  Corruptor x4  
  55  7:50  Drone x5  
  56  7:58  Nydus Network  
  45  8:25  Corruptor x3  
  50  8:51  Corruptor x2  
  45  8:56  Extractor  
  45  8:58  Drone x3  
  45  8:59  Queen  
  45  9:25  Zergling x4  
  45  9:26  Zergling x2  
  45  9:28  Zergling x2  
  47  9:39  Hatchery  
  38  10:07  Zergling x2  
  38  10:08  Zergling x4  
  38  10:10  Zergling x6  
  38  10:11  Queen  
  46  10:22  Nydus Canal  
  42  10:54  Drone  
  42  10:55  Queen  
  40  10:58  Corruptor  
  40  10:59  Corruptor x2  
  45  11:29  Drone x3  
  48  11:36  Hydralisk Den  
  45  12:25  Drone x2  
  45  12:26  Drone  
  48  12:50  Corruptor x3  
  54  12:53  Corruptor x6  
  66  13:03  Zerg Flyer Weapons Level 1  
  66  13:15  Drone  
  66  13:16  Drone x4  
  71  13:21  Extractor  
  71  13:24  Extractor  
  69  13:28  Overlord  
  64  13:55  Overlord x3  
  64  14:09  Hydralisk Den  
  63  14:19  Drone x7  
  63  14:20  Drone  
  71  14:41  Muscular Augments  
  71  14:43  Overlord x2  
  71  14:44  Overlord  
  67  15:34  Hydralisk x2  
  67  15:35  Hydralisk x6  
  75  15:36  Hydralisk  
  85  16:09  Hydralisk x3  
  59  16:49  Hydralisk x3  
  59  16:50  Hydralisk x3  
  71  17:06  Hatchery  
  70  17:30  Hydralisk  
  70  17:31  Hydralisk x4  
  80  17:40  Hatchery  
  79  18:15  Hydralisk x5  
  89  18:38  Hydralisk  
  83  19:14  Hydralisk x3  
  83  19:15  Hydralisk  
  35  20:07  Hydralisk x4  
  35  20:08  Hydralisk  
Tags
 
Add a new tag
Caveats
  • Supply blocks, unpowered buildings, or Contaminate may cause inaccurate times.
  • Supply counts are checked every 10 seconds.